AoeStats
← rexxar

Arena

509447678Analyzed
3v3 RM · 6d ago on Sep 26, 2026· 43m 8s· 6 players
Game mode
Random Map
Map size
Normal (6 player)
Population
200
Speed
Normal
Resources
Standard
Victory
Conquest
Starting age
Dark Age
Ending age
Imperial Age
RankedLock teamsTeams togetherTeam positionsShared explorationLock speedFull tech treeHidden civsTurbo modeCheats
Victory
Defeat
🇵🇱 Romans · Poland
1236
+14
🇵🇱 Italians · Poland
1209
+15
🇬🇧 Saxons · United Kingdom
1186
+16
🇺🇸 Turks · United States
1227
-17
🇺🇸 Franks · United States
1163
-14
🇨🇦 Sicilians · Canada
1161
-14
Duchu
11:10 Feudal Age
15:19 Castle Age
13:21 Double-Bit Axe
14:03 Horse Collar
16:54 Bow Saw
21:24 Gold Mining
23:53 Stone Mining
26:02 Wheelbarrow
25:13 Town Watch
27:32 Pikeman
28:14 Scale Mail Armor
28:25 Forging
30:35 Hand Cart
31:44 Chain Mail Armor
32:04 Iron Casting
34:34 Imperial Age
32:30 Squires
34:37 Halberdier
36:32 Chemistry
35:53 Ballistics
36:40 Blast Furnace
36:04 Scale Barding Armor
35:54 Heavy Scorpion
38:21 Comitatenses
39:02 Comitatenses
Dharos
10:44 Feudal Age
12:12 Double-Bit Axe
14:57 Castle Age
13:09 Horse Collar
14:28 Wheelbarrow
13:39 Loom
16:13 Bow Saw
17:13 Hand Cart
17:04 Heavy Plow
21:05 Gold Mining
21:25 Stone Mining
21:59 Loom
30:24 Gold Shaft Mining
31:59 Squires
32:05 Scale Mail Armor
32:15 Forging
36:15 Chain Mail Armor
36:09 Gambesons
39:01 Iron Casting
38:16 Fletching
39:25 Thumb Ring
38:41 Elite Skirmisher
39:06 Pikeman
39:31 Arson
40:26 Bodkin Arrow
40:31 Padded Archer Armor
45:43 Imperial Age
42:59 Town Watch
wiesiek
10:58 Feudal Age
12:25 Double-Bit Axe
12:22 Horse Collar
14:55 Castle Age
15:14 Wheelbarrow
16:23 Bow Saw
17:27 Heavy Plow
21:35 Hand Cart
22:11 Loom
23:30 Fortified Wall
23:13 Town Watch
24:22 Town Patrol
28:36 Imperial Age
26:50 Ballistics
26:33 Padded Archer Armor
26:23 Fletching
27:07 Thumb Ring
26:46 Elite Skirmisher
28:49 Bodkin Arrow
32:06 Scale Mail Armor
37:15 Gold Mining
38:52 Crop Rotation
BaronDC
11:22 Feudal Age
10:24 Loom
15:22 Castle Age
13:22 Double-Bit Axe
13:43 Horse Collar
22:14 Imperial Age
20:34 Padded Archer Armor
21:23 Bow Saw
32:16 Leather Archer Armor
34:51 Heavy Plow
41:47 Ring Archer Armor
41:24 Scale Barding Armor
Willy le chat orangé
0:29 Loom
11:47 Feudal Age
12:11 Horse Collar
12:23 Double-Bit Axe
17:53 Castle Age
18:47 Squires
18:47 Pikeman
20:42 Forging
20:34 Fletching
20:37 Arson
23:43 Man-at-Arms
26:50 Long Swordsman
34:37 Wheelbarrow
37:20 Town Watch
38:46 Heavy Plow
40:25 Iron Casting
39:51 Scale Mail Armor
40:48 Gambesons
41:35 Bodkin Arrow
42:43 Hand Cart
rexxar
10:46 Feudal Age
14:24 Castle Age
12:32 Double-Bit Axe
15:57 Loom
20:47 Husbandry
24:17 Scale Barding Armor
26:13 Chain Barding Armor
28:07 Wheelbarrow
28:47 Forging
31:04 Bow Saw
30:47 Gold Mining
32:54 Hand Cart
33:36 Town Watch
38:44 Imperial Age
38:27 Iron Casting
39:03 Cavalier
40:29 Plate Barding Armor
40:55 Blast Furnace
40:55 Paladin
Connection lost

Rejoining the realm…

Still unreachable

The connection could not be restored.

Session expired

The server has moved on; the page needs a fresh start.